 Dungeon Crawl Stone Soup version 0.29.1-12-g30fa7ad0bf (webtiles) character file.

Game seed: 5192351057612030456

378 EarthwalkerPL the Covered (level 6, -2/56 HPs)
             Began as a Minotaur Fighter on Jan 6, 2023.
             Was an Initiate of Okawaru.
             Slain by a jelly (3 damage)
             ... on level 4 of the Dungeon.
             The game lasted 00:03:58 (3530 turns).

EarthwalkerPL the Covered (Minotaur Fighter)        Turns: 3530, Time: 00:03:59

Health: -2/56      AC:  0    Str: 22    XL:     6   Next: 45%
Magic:  5/5        EV: 11    Int:  5    God:    Okawaru [......]
Gold:   161        SH:  5    Dex: 16    Spells: 5/5 levels left

rFire   . . .      SeeInvis .   a - +0 war axe
rCold   . . .      Faith    .   c - +0 buckler
rNeg    . . .      Spirit   .   b - +0 scale mail
rPois   +          Reflect  .   (helmet restricted)
rElec   .          Harm     .   (no cloak)
rCorr   .          Rampage  .   (no gloves)
Will    .....                   (no boots)
Stlth   ..........              (no amulet)
HPRegen 0.18/turn               m - +6 ring of dexterity
MPRegen 0.09/turn               r - ring of poison resistance

@: corroded
A: horns 2, retaliatory headbutt
a: Renounce Religion


You were on level 4 of the Dungeon.
You worshipped Okawaru.
Okawaru was noncommittal.
You visited 2 branches of the dungeon, and saw 5 of its levels.

You collected 161 gold pieces.

Inventory:

Hand Weapons
 a - a +0 war axe (weapon)
Missiles
 p - 2 boomerangs (quivered)
 s - 2 curare-tipped darts
Armour
 b - a +0 scale mail (worn)
 c - a +0 buckler (worn)
Jewellery
 m - a +6 ring of dexterity (left hand)
 r - a ring of poison resistance (right hand)
Scrolls
 e - 2 scrolls of enchant weapon {unknown}
 f - a scroll of vulnerability {unknown}
 k - a scroll of butterflies {unknown}
 l - 2 scrolls of identify {unknown}
 o - 2 scrolls of teleportation {unknown}
Potions
 d - a potion of might
 g - a potion of berserk rage {unknown}
 h - 2 potions of curing {unknown}
 i - 3 potions of haste {unknown}
 j - 2 potions of brilliance {unknown}
 n - a potion of resistance {unknown}
 q - a potion of lignification {unknown}


   Skills:
 * Level 5.0 Fighting
 * Level 4.5 Axes
 * Level 5.2 Armour
 * Level 3.2 Dodging
 + Level 4.4 Shields


You had 5 spell levels left.
You didn't know any spells.
Your spell library contained the following spells:

 Spells                   Type           Power      Damage    Failure   Level
 Ensorcelled Hibernation  Hex/Ice        0%         N/A       95%         2
 Passwall                 Tmut/Erth      0%         N/A       95%         2
 Swiftness                Air            0%         N/A       99%         3


Dungeon Overview and Level Annotations

Branches:
Dungeon (4/15)             Temple (1/1) D:4

Altars:
Ashenzari
Cheibriados
Elyvilon
Fedhas
Gozag
Hepliaklqana
Makhleb
Nemelex Xobeh
Okawaru
Qazlal
Ru
Sif Muna
Trog
Uskayaw
Vehumet
Wu Jian
Xom
Yredelemnul
Zin
The Shining One

Shops:
D:1 (   D:3 ??*


Innate Abilities, Weirdness & Mutations

You have a pair of horns on your head.
You reflexively headbutt those who attack you in melee.


Message History

There is an open door here.
As you open the door, it creaks loudly!
There is an open door here.
A goblin comes into view. It is wielding a +0 club.
The goblin shouts!
A ball python comes into view.
A jelly comes into view.
The jelly quivers.
You slash the goblin!
You kill the goblin!
Okawaru accepts your kill. The ball python barely misses you.
You block the ball python's attack.
Things that are here:
a +0 club; a goblin corpse You closely miss the ball python.
The ball python barely misses you. The ball python closely misses you.
You hit the ball python.
You kill the ball python!
Okawaru accepts your kill.
You hit the jelly but do no damage. The acid corrodes you!
Your hands burn!
The jelly hits you.
You are splashed with acid!
You hit the jelly but do no damage.
Your hands burn!
You block the jelly's attack. The jelly hits you.
You are splashed with acid!
You barely miss the jelly. You headbutt the jelly!
The jelly is heavily wounded.
The jelly hits you.
You are splashed with acid!
You are too injured to fight recklessly!
You are too injured to fight recklessly!
You hit the jelly. The acid corrodes you!
Your hands burn!
* * * LOW HITPOINT WARNING * * *
The jelly is heavily wounded.
The jelly hits you.
* * * LOW HITPOINT WARNING * * *
You are splashed with acid!
* * * LOW HITPOINT WARNING * * *
You hit the jelly.
Your hands burn!
* * * LOW HITPOINT WARNING * * *
The jelly is almost dead.
The jelly hits you.
You die...

##888#...#......#...........#....
##......#......#.....<.....#....
###......###'#####+###...####....
#..####..............#...#......#
......'..............#...#......#
......#..............'...#......'
......#..............#...#......#
#######........#.#...#####......#
#...†...########@##.....######...
#.......# #J##.....#....#...
#.......# #.##.....#....#.).
#.......# ...#.....+....'...
#.......# #.##.....#+####)..
#.......# ...##.......>.....
#.......# .#. #.............
#.......# . . .......†. #.......#
.........


You could see a jelly.

Vanquished Creatures
  An ogre (D:4)
  A necrophage (D:4)
  A hound (D:4)
  A jelly (D:4)
  An iguana (D:4)
  3 gnolls (D:4)
  2 adders
  3 worms
  4 dart slugs
  An orc (D:3)
  9 endoplasms
  7 giant cockroaches
  10 goblins
  6 hobgoblins
  6 jackals
  3 kobolds
  4 quokkas
  6 ball pythons
  3 bats
  6 frilled lizards
  6 rats
84 creatures vanquished.

Notes
Turn   | Place    | Note
-------+----------+-------------------------------------------
     0 | D:1      | EarthwalkerPL the Minotaur Fighter began the quest for the
                  | Orb.
     0 | D:1      | Reached XP level 1. HP: 19/19 MP: 0/0
    53 | D:1      | Found Bisorr's Weapon Boutique.
   180 | D:1      | Reached XP level 2. HP: 22/27 MP: 1/1
   249 | D:1      | Found a faded altar of an unknown god.
   491 | D:1      | Reached skill level 1 in Dodging
   757 | D:1      | Reached XP level 3. HP: 33/33 MP: 2/2
   769 | D:1      | You fall into a shaft and drop 1 floor!
  1824 | D:2      | Reached XP level 4. HP: 40/40 MP: 3/3
  2269 | D:3      | Found Joruav's Magic Scroll Emporium.
  2314 | D:3      | Found Gerch's Magic Scroll Boutique.
  2583 | D:3      | Found Ephetiff's Assorted Antiques.
  2825 | D:4      | Noticed an ogre
  2835 | D:4      | Killed an ogre
  2836 | D:4      | Reached XP level 5. HP: 31/47 MP: 4/4
  3092 | D:4      | Reached skill level 5 in Armour
  3130 | D:4      | Reached XP level 6. HP: 51/55 MP: 5/5
  3158 | D:4      | Found a staircase to the Ecumenical Temple.
  3174 | Temple   | Entered the Ecumenical Temple
  3346 | Temple   | Became a worshipper of Warmaster Okawaru
  3443 | D:4      | Reached skill level 5 in Fighting
  3530 | D:4      | HP: 1/56 [acid (4)]
  3530 | D:4      | Slain by a jelly

Illustrated notes

Levels and vault maps discovered:
D:1:      dpeg_arrival_rooms_b, layout_basic, chequers_ecumenical_altar_island,
          serial_shops, shop
D:2:      layout_basic, serial_forest, infiniplex_forest_lined_corner,
          infiniplex_forest_straight_3, infiniplex_forest_diagonal,
          infiniplex_forest_end_2, infiniplex_forest_clump_small,
          infiniplex_forest_lined_room_3, infiniplex_forest_split,
          infiniplex_forest_zigzag_1
D:3:      layout_loops_ring, serial_shops, shop, nicolae_shop_hallway_plus,
          nicolae_shop_crystal
D:4:      minmay_spotlight, layout_gridville, minmay_temple_entry_statues,
          uniq_grinder
Temple:   nicolae_temple_bog_church

Skill      XL: |  1  2  3  4  5  6 |
---------------+-------------------+-----
Dodging        | 1 2 3 |  3.2
Armour         | 4 5 |  5.2
Fighting       | 4 5 |  5.0
Axes           | 3 4 |  4.5
Shields        | 4 |  4.4

Action                   |  1- 3 |  4- 6 || total
-------------------------+-------+-------++-------
Melee: War axe           |    90 |    85 ||   175
       Headbutt          |    16 |    16 ||    32
Armor: Scale mail        |    30 |    17 ||    47
Dodge: Dodged            |    50 |    38 ||    88
Block: Buckler           |    16 |    24 ||    40
